 Dungeon Crawl Stone Soup version 0.31-a0-207-g184df878d8 (webtiles) character file.

Game seed: 3195330823771439232

30 Ijustatesigmund the Stinger (level 3, -3/23 HPs)
             Began as an Octopode Venom Mage on June 28, 2023.
             Slain by a goblin
             ... wielding a +0 dagger
              (4 damage)
             ... on level 3 of the Dungeon.
             The game lasted 00:01:51 (953 turns).

Ijustatesigmund the Stinger (Octopode Venom Mage)    Turns: 953, Time: 00:01:52

Health: -3/23      AC:  1    Str:  5 (7)  XL:     3   Next: 20%
Magic:  6/6        EV: 13    Int: 18 (19) God:
Gold:   43         SH:  0    Dex:  9 (12) Spells: 3/6 levels left

rFire   . . .        c - +0 short sword
rCold   . . .        (no shield)
rNeg    . . .        (helmet restricted)
rPois   .            (no amulet)
rElec   .            (no ring)
rCorr   .            (no ring)
SInv    .            (no ring)
Will    .....        (no ring)
Stlth   +++          (no ring)
HPRegen 0.23/turn    (no ring)
MPRegen 0.10/turn    (no ring)
                     (no ring)

%: no passive effects
@: no status effects
A: almost no armour, amphibious, 8 rings, camouflage 1, gelatinous body 1,
(nimble swimmer 1), tentacles
a: no special abilities


You were on level 3 of the Dungeon.
You visited 1 branch of the dungeon, and saw 3 of its levels.

You collected 43 gold pieces.

Inventory:

Hand Weapons
 c - a +0 short sword (weapon)
Potions
 a - a potion of magic
 b - a potion of degeneration


   Skills:
 + Level 1.3 Fighting
 - Level 2.0 Dodging
 - Level 2.6 Stealth
 + Level 2.4 Spellcasting
 - Level 1.0 Transmutations
 + Level 0.7 Air Magic
 + Level 4.1 Poison Magic


You had 3 spell levels left.
You knew the following spells:

 Your Spells              Type           Power      Damage    Failure   Level
a - Sting                 Tmut/Pois      44%        1d5       6%          1
b - Poisonous Vapours     Pois/Air       20%        N/A       10%         2

Your spell library contained the following spells:

 Spells                   Type           Power      Damage    Failure   Level
 Mephitic Cloud           Conj/Pois/Air  7%         N/A       26%         3
 Dazzling Flash           Conj/Hex       4%         N/A       45%         3
 Olgreb's Toxic Radiance  Pois           17%        N/A       32%         4
 Agony                    Necr           2%         N/A       99%         5
 Silence                  Hex/Air        1%         N/A       99%         5


Dungeon Overview and Level Annotations

Branches:
Dungeon (2/15)

Altars:

Annotations:
D:3 Sigmund


Innate Abilities, Weirdness & Mutations

You cannot wear most types of armour.
You are amphibious.
You can wear up to eight rings at the same time.
Your skin changes colour to match your surroundings (Stealth+).
Your rubbery body absorbs attacks. (AC +1, EV +1)
((You are camouflaged when in or above water. (Stealth+)))
You have tentacles for arms and can constrict up to eight enemies at once.


Message History

You are frozen.
You hit the endoplasm. You squeeze the endoplasm.
The endoplasm is almost dead.
The endoplasm misses you.
You barely miss the endoplasm. You squeeze the endoplasm.
You kill the endoplasm!
No target in view!
No target in view!
No target in view!
No target in view!
No target in view!
No target in view!
No target in view!
HP restored.
A goblin comes into view. It is wielding a +0 dagger.
Sigmund the Dreaded comes into view.
He is wielding a +2 scythe of venom and wearing a +2 robe of resistance.
Sigmund shouts!
The goblin shouts!
You hear a shout!
Sigmund gestures at you while chanting. The magic dart hits you!
A kobold comes into view. It is wielding a +0 club.
The kobold shouts!
The goblin hits you but does no damage.
You barely miss the goblin. Your grab misses the goblin. The goblin misses you.
You hit the goblin but do no damage. Your grab misses the goblin.
The goblin hits you with a +0 dagger.
You closely miss the goblin. You grab the goblin.
Your squeeze misses the goblin. You constrict the goblin.
The goblin hits you with a +0 dagger.
Sigmund hits you from afar with a +2 scythe of venom!
* * * LOW HITPOINT WARNING * * *
You are too injured to fight recklessly!
You are too injured to fight recklessly!
You are too injured to fight recklessly!
You are too injured to fight recklessly!
You are too injured to fight recklessly!
It was a potion of degeneration.
There was something very wrong with that liquid.
You feel weakened.
You feel dopey.
You feel clumsy.
You constrict the goblin. The goblin hits you with a +0 dagger.
You die...

# ####### ##. #.....#
### ....
####.....#####.##
##...###.##..........#.#
.....@....#.....#####.##
.....Kg@........# #.#
..........####### ..#
##...###.## #.## #.. #.#
#. #. #.# #. # #+# #. #.


You could see Sigmund, a goblin and a kobold.

Vanquished Creatures
  An adder (D:2)
  2 ball pythons (D:1)
  A bat (D:1)
  An endoplasm (D:3)
  3 jackals (D:1)
  4 kobolds (D:1)
  3 quokkas (D:1)
  2 goblins (D:1)
  3 rats (D:1)
20 creatures vanquished.

Notes
Turn   | Place    | Note
-------+----------+-------------------------------------------
     0 | D:1      | Ijustatesigmund the Octopode Venom Mage began the quest for
                  | the Orb.
     0 | D:1      | Reached XP level 1. HP: 11/11 MP: 3/3
   177 | D:1      | Reached XP level 2. HP: 10/18 MP: 1/5
   334 | D:1      | Learned a level 2 spell: Poisonous Vapours
   341 | D:1      | Reached skill level 1 in Fighting
   416 | D:1      | Reached skill level 4 in Poison Magic
   779 | D:2      | Reached XP level 3. HP: 21/23 MP: 3/6
   915 | D:2      | You fall into a shaft and drop 1 floor!
   948 | D:3      | Noticed Sigmund
   952 | D:3      | HP: 1/23 [Sigmund/+2 scythe of venom (9)]
   953 | D:3      | Slain by a goblin

Illustrated notes

Levels and vault maps discovered:
D:1:      ncdulo_smallfort, layout_rooms, serial_forest,
          infiniplex_forest_zigzag_2, infiniplex_forest_lined_3_way,
          infiniplex_forest_lined_ring, infiniplex_forest_straight_5,
          infiniplex_forest_side_room, infiniplex_forest_clump_C
D:2:      layout_loops_cross, serial_bayou_pond_d
D:3:      layout_loops_corners, nicolae_hepliaklqana_ecumenical_no_more,
          mainiacjoe_overflow_concentric_impassable,
          nicolae_qazlal_beasts_of_the_sky, cheibrodos_sewer_entry_drain,
          uniq_sigmund, uniq_jessica

Skill      XL: |  1  2 |
---------------+-------+-----
Fighting       | 1 |  1.3
Poison Magic   | 4 |  4.1
Dodging        | |  2.0
Stealth        | |  2.6
Spellcasting   | |  2.4
Transmutations | |  1.0
Air Magic      | |  0.7

Action                     || total
---------------------------++-------
  Melee: Unarmed           ||    22
         Constrict         ||    12
         Tentacles         ||    11
         Punch             ||     3
         Short sword       ||    23
   Cast: Sting             ||     5
         Poisonous Vapours ||     2
    Use: Potion            ||     1
   Stab: Sleeping          ||     6
 Armour: Skin              ||     2
  Dodge: Dodged            ||    22

Table legend: (Time is in decaauts)
 A = Elapsed time spent in this place.
 B = Non-inter-level travel time spent in this place.
 C = Inter-level travel time spent in this place.
 D = Time resting spent in this place.
 E = Time spent auto-exploring this place.
 F = Levels seen in this place.
 G = Mean time per level.
                   A        B        C        D        E       F      G
               +--------+--------+--------+--------+--------+-----+--------+
         Total |    951 |    927 |     24 |    260 |    525 |   3 |  317.0 |
       Dungeon |    951 |    927 |     24 |    260 |    525 |   3 |  317.0 |
               +--------+--------+--------+--------+--------+-----+--------+

Top non-repeatable levels by time:
     D:1: 767 daAuts
     D:2: 146 daAuts
     D:3: 37 daAuts
